 Dungeon Crawl Stone Soup version 0.18.1-48-g4cf74bf (webtiles) character file.

15 Gargoyl the Skirmisher (level 2, -5/24 HPs)
             Began as a Demonspawn Abyssal Knight on June 26, 2016.
             Was a Follower of Lugonu.
             Slain by a gnoll
             ... wielding a +0 halberd
              (10 damage)
             ... on level 1 of the Dungeon.
             The game lasted 00:02:18 (949 turns).

Gargoyl the Skirmisher (Demonspawn Abyssal Knight)   Turns: 949, Time: 00:02:18

Health: -5/24      AC:  3    Str: 12    XL:     2   Next: 34%
Magic:  3/3        EV: 11    Int: 13    God:    Lugonu [*.....]
Gold:   33         SH:  0    Dex: 12    Spells: 0 memorised, 1 level left

rFire  . . .     SeeInvis +     f - +0 trident (vamp)
rCold  . . .     Gourm    .     b - +0 leather armour
rNeg   . . .     Faith    .     (no shield)
rPois  .         Spirit   .     (helmet restricted)
rElec  .         Dismiss  .     (no cloak)
rCorr  .         Reflect  .     (no gloves)
SustAt .         Harm     .     (no boots)
MR     .....                    (no amulet)
Stlth  +.........               (no ring)
                                g - ring of see invisible

@: not resistant to hostile enchantments, very unstealthy
A: horns 1
a: Depart the Abyss, Renounce Religion


You were on level 1 of the Dungeon.
You worshipped Lugonu.
Lugonu was aware of your devotion.
You were not hungry.

You visited 1 branch of the dungeon, and saw 1 of its levels.
You visited the Abyss 1 time.

You collected 33 gold pieces.

Inventory:

Hand Weapons
 a - a +1 hand axe
 f - a +0 vampiric trident (weapon)
Armour
 b - a +0 leather armour (worn)
Jewellery
 g - a ring of see invisible (left hand)
Scrolls
 c - 4 scrolls of identify {unknown}
 e - a scroll of immolation {unknown}
 i - a scroll of magic mapping {unknown}
 j - 2 scrolls of remove curse {unknown}
Potions
 d - a potion of degeneration {unknown}
Comestibles
 h - a beef jerky
 k - a fruit


   Skills:
 + Level 3.5 Fighting
 + Level 1.8 Axes
 + Level 1.8 Armour
 + Level 1.1 Dodging
 + Level 2.6 Invocations


You had one spell level left.
You didn't know any spells.

Dungeon Overview and Level Annotations

Branches:
Dungeon (1/15)

Altars:


Innate Abilities, Weirdness & Mutations

You have a pair of small horns on your head.


Message History

Attack whom?
Press: ? - help, Dir - move target cursor, f/p - gnoll
Aim: a gnoll, wielding a halberd (severely wounded)
You reach to attack!
You barely miss the gnoll.
The gnoll is severely wounded.
The gnoll barely misses you.
Attack whom?
Press: ? - help, Dir - move target cursor, f/p - gnoll
Aim: a gnoll, wielding a halberd (severely wounded)
You reach to attack!
You closely miss the gnoll.
The gnoll is severely wounded.
The gnoll hits you from afar with a halberd.
* * * LOW HITPOINT WARNING * * *
Attack whom?
Press: ? - help, Dir - move target cursor, f/p - gnoll
Aim: a gnoll, wielding a halberd (severely wounded)
You reach to attack!
You hit the gnoll.
You feel better.
The gnoll is almost dead.
The gnoll hits you from afar with a halberd!
You die...

#..................
.............#####
...........###
#.......†.#
######.........# #
...............# #
..######.........#######
.......#.........##.....
.....g)@.........##..[..
.........###.#.#.##.....
.........##.††...##.....
##...............##.....
#.......##......##.....
.................##.....
###########......#######
#........ ##########


You could see a gnoll.

Vanquished Creatures
  6 goblins (D:1)
  3 hobgoblins (D:1)
  2 giant newts (D:1)
  2 rats (D:1)
13 creatures vanquished.

Notes
Turn   | Place    | Note
--------------------------------------------------------------
     0 | Abyss:1  | Gargoyl the Demonspawn Abyssal Knight began the quest for the Orb.
     0 | Abyss:1  | Reached XP level 1. HP: 18/18 MP: 2/2
    76 | Abyss:1  | Noticed a hell hound
    88 | Abyss:1  | Noticed an Executioner
   157 | Abyss:1  | Noticed a large abomination
   223 | Abyss:1  | Noticed a ynoxinul
   276 | Abyss:2  | Found an oddly glowing altar of Pakellas.
   281 | Abyss:2  | Found a corrupted altar of Lugonu.
   307 | Abyss:2  | Noticed a wretched star
   307 | D:1      | Escaped the Abyss
   597 | D:1      | Gained mutation: You have a pair of small horns on your head. [demonic ancestry]
   597 | D:1      | Reached XP level 2. HP: 24/24 MP: 3/3
   798 | D:1      | Reached * piety under Lugonu
   809 | D:1      | Reached skill level 1 in Dodging
   949 | D:1      | Slain by a gnoll

Skill      XL: |  1  2 |
---------------+-------+-----
Dodging        | 1 |  1.1
Fighting       | |  3.5
Axes           | |  1.8
Armour         | |  1.8
Invocations    | |  2.6

Action                   || total
-------------------------++-------
Melee: Hand axe          ||    12
       Trident           ||    24
       Headbutt          ||     1
Invok: Depart the Abyss  ||     1
  Eat: Bread ration      ||     2
Armor: Leather armour    ||    11
Dodge: Dodged            ||    32
